 Dungeon Crawl Stone Soup version 0.28.0-53-g5a82cb258f (webtiles) character file.

Game seed: 4545124981877692026

282 Descartes the Grasshopper (level 6, -9/42 (44) HPs)
             Began as a Formicid Warper on May 22, 2022.
             Was an Initiate of Qazlal.
             Mangled by Duvessa
             ... wielding a +7 vampiric short sword
              (11 damage)
             ... on level 4 of the Dungeon.
             The game lasted 00:07:05 (4088 turns).

Descartes the Grasshopper (Formicid Warper)         Turns: 4088, Time: 00:07:06

HP:   -9/42 (44)    AC: 10    Str: 17    XL:     6   Next: 53%
MP:   9/9           EV:  7    Int: 13    God:    Qazlal [......]
Gold: 217           SH:  4    Dex: 10    Spells: 9/9 levels left

rFire   . . .      SeeInvis +   a - +0 hand axe
rCold   . . .      Faith    .   k - +0 buckler
rNeg    . . .      Spirit   .   p - +0 chain mail
rPois   .          Reflect  .   (helmet unavailable)
rElec   .          Harm     .   (no cloak)
rCorr   .          Rampage  .   (no gloves)
Will    .....                   r - +0 pair of boots
Stlth   ..........              q - amulet of regeneration
HPRegen 0.94/turn               (no ring)
MPRegen 0.11/turn               (no ring)

@: lightly drained, invisible
A: permanent stasis, dig shafts and tunnels, antennae 3, four strong arms
a: Dig, Shaft Self, Renounce Religion


You were on level 4 of the Dungeon.
You worshipped Qazlal.
Qazlal was noncommittal.
You visited 2 branches of the dungeon, and saw 5 of its levels.

You collected 217 gold pieces.

Inventory:

Hand Weapons
 a - a +0 hand axe (weapon)
Missiles
 c - 5 boomerangs of dispersal (quivered)
 d - 167 stones
 e - 58 bolts
 i - 2 throwing nets
 m - 42 arrows
Armour
 k - a +0 buckler (worn)
 p - a +0 chain mail (worn)
 r - a +0 pair of boots (worn)
Jewellery
 q - an amulet of regeneration (around neck)
Wands
 u - a wand of digging (2)
Scrolls
 f - 2 scrolls of fear {unknown}
 g - 2 scrolls of teleportation {unknown}
 j - a scroll of acquirement {unknown}
 l - 4 scrolls of identify
 v - a scroll of blinking {unknown}
 w - a scroll of amnesia {unknown}
Potions
 b - a potion of lignification {unknown}
 h - 2 potions of curing {unknown}
 n - a potion of heal wounds {unknown}
 o - a potion of invisibility
 s - 2 potions of brilliance {unknown}
 t - a potion of cancellation {unknown}
 x - 2 potions of resistance


   Skills:
 - Level 2.1 Fighting
 + Level 3.7 Axes
 - Level 1.0 Throwing
 + Level 3.5 Armour
 - Level 1.7 Dodging
 + Level 2.9 Shields
 - Level 2.1 Spellcasting
 + Level 3.9 Translocations


You had 9 spell levels left.
You didn't know any spells.
Your spell library contained the following spells:

 Spells                   Type           Power      Damage    Failure   Level
 Gell's Gravitas          Tloc           11%        N/A       95%         3
 Lesser Beckoning         Tloc           11%        N/A       95%         3
 Teleport Other           Tloc           11%        N/A       95%         3
 Magic Dart               Conj           4%         1d3       99%         1
 Summon Small Mammal      Summ           4%         N/A       99%         1
 Searing Ray              Conj           2%         2d4       100%        2
 Call Canine Familiar     Summ           1%         N/A       100%        3
 Summon Guardian Golem    Hex/Summ       1%         N/A       100%        3
 Fulminant Prism          Conj/Hex       0%         3d6       100%        4
 Manifold Assault         Tloc           11%        N/A       100%        5
 Blink                    Tloc           Unusable   N/A       N/A         2

Dungeon Overview and Level Annotations

Branches:
Dungeon (4/15)             Temple (1/1) D:4

Altars:
Dithmenos
Elyvilon
Kikubaaqudgha
Okawaru
Qazlal
Sif Muna
Uskayaw
Vehumet
Xom
Yredelemnul
Zin

Annotations:
D:4 1 runed translucent door, Duvessa; hitsuchi's ghost, novice DgFE


Innate Abilities, Weirdness & Mutations

You cannot be hasted, slowed, berserked, paralysed or teleported.
You can dig through walls and to a lower floor.
You have a pair of large antennae on your head. (SInv)
Your four strong arms can wield two-handed weapons with a shield.


Message History

There is a stone staircase leading down here.
HP restored.
Done exploring.
You climb downwards.
Level annotation: 1 runed translucent door, Duvessa; hitsuchi's ghost, novice DgFE
There is a stone staircase leading up here.
There is an open door here.
Found a stone staircase leading up.
You are no longer glowing.
There is an open door here.
Things that are here:
a +0 robe; a +0 dagger of draining; the elf corpse of Dowan
There is an open door here.
You open the door.
There is an open door here.
There is an open door here.
There is an open door here.
You open the door.
There is an open door here.
Duvessa shouts!
Duvessa goes berserk!
Duvessa rages.
There is an open door here.
Unknown command.
As you read the scroll labelled LIBBIR RAUNT, it crumbles to dust.
It is a scroll of identify.
x - 2 potions of resistance
As you read the scroll of identify, it crumbles to dust.
o - 2 potions of invisibility Duvessa hits you with a +7 vampiric short sword!
You fade into invisibility!
Duvessa hits you with a +7 vampiric short sword!
You barely miss Duvessa.
Duvessa hits you with a +7 vampiric short sword!
* * * LOW HITPOINT WARNING * * *
Duvessa hits you with a +7 vampiric short sword!
* * * LOW HITPOINT WARNING * * *
You hit Duvessa but do no damage.
Duvessa hits you with a +7 vampiric short sword!
You die...

......#...##..!..##..#...##...#..
#.....#...#⌠..♣...+..#........#..
#.....#...##..?..##..#.....>..###
#.....#....##...##...'...##...# #
#.....#.....##W##....#...##...###
......####...###.....##'###...##.
#.....##..................#)..##.
####'###...#..............#...#≈≈
#..........#####@####.....#...#≈≈
#.....##...##...e...#..[..#...#≈≈
......##...##.......#.....######≈
........)..#........#.....# #≈
...........'........#.....# ##
........)..#........#.....#
#...####...####....##.....#######
#...####...####....####'##......#
....>#........'..........#......#


You could see Duvessa (berserk) and hitsuchi's ghost.

Vanquished Creatures
  Dowan (D:4)
  A centaur zombie (D:4)
  2 hounds (D:4)
  An iguana (D:4)
  5 adders
  A dart slug (D:1)
  4 orcs
  5 bats
  5 endoplasms
  A giant cockroach (D:3)
  7 hobgoblins
  3 quokkas
  7 ball pythons
  3 frilled lizards
  11 goblins
  3 kobolds
  5 rats
65 creatures vanquished.

Notes
Turn   | Place    | Note
-------+----------+-------------------------------------------
     0 | D:1      | Descartes the Formicid Warper began the quest for the Orb.
     0 | D:1      | Reached XP level 1. HP: 16/16 MP: 3/3
   309 | D:1      | Reached XP level 2. HP: 13/22 MP: 5/5
   548 | D:1      | Found a faded altar of an unknown god.
   784 | D:1      | Reached XP level 3. HP: 24/27 MP: 6/6
  2410 | D:3      | Reached XP level 4. HP: 28/33 MP: 7/7
  2475 | D:3      | Reached skill level 1 in Shields
  2951 | D:3      | Found an iron altar of Okawaru.
  3149 | D:4      | Reached XP level 5. HP: 38/38 MP: 8/8
  3221 | D:4      | Noticed hitsuchi's ghost (novice DgFE)
  3222 | D:4      | Found a runed translucent door.
  3264 | D:4      | Reached XP level 6. HP: 33/44 MP: 9/9
  3301 | D:4      | Found a staircase to the Ecumenical Temple.
  3318 | Temple   | Entered the Ecumenical Temple
  3599 | Temple   | Became a worshipper of Qazlal Stormbringer
  3846 | D:4      | Found a radiant altar of Vehumet.
  3882 | D:4      | Noticed Duvessa
  3883 | D:4      | Noticed Dowan
  3979 | D:4      | Killed Dowan
  4087 | D:4      | HP: 1/42 [Duvessa/+7 vampiric short sword (10)]
  4088 | D:4      | Mangled by Duvessa

Illustrated notes

Levels and vault maps discovered:
D:1:      kennysheep_arrival_seaside, layout_basic,
          dreamdust_ecumenical_altar_statues
D:2:      layout_basic
D:3:      layout_basic, okawaru_altar_gauntlet_db, kennysheep_generic_room_6
D:4:      layout_gridville, mainiacjoe_overflow_brackets,
          minmay_temple_entry_waves, hellmonk_ghost_happy_afterlife,
          nicolae_underground_beach, uniq_duvessa
Temple:   jpeg_temple_island

Skill      XL: |  1  2  3  4  5 |
---------------+----------------+-----
Translocations | 3 |  3.9
Armour         | 2 3 |  3.5
Shields        | 1 2 |  2.9
Axes           | 3 |  3.7
Fighting       | |  2.1
Throwing       | |  1.0
Dodging        | |  1.7
Spellcasting   | |  2.1

Action                   |  1- 3 |  4- 6 || total
-------------------------+-------+-------++-------
Melee: Hand axe          |   137 |   126 ||   263
       Punch             |     2 |       ||     2
  Use: Scroll            |       |     2 ||     2
       Potion            |       |     1 ||     1
Armor: Ring mail         |    43 |       ||    43
       Leather armour    |     9 |       ||     9
       Chain mail        |    17 |   100 ||   117
Dodge: Dodged            |    79 |    47 ||   126
Block: Buckler           |    10 |    21 ||    31
